 Dungeon Sprint DCSS version 0.31-a0-981-geadf994542 (webtiles) character file.

Game seed: 14025272972475520920

1755 Conn the Destroyer (level 9, -4/51 HPs)
             Began as an Octopode Fire Elementalist on Nov 1, 2023.
             Was a Believer of Sif Muna.
             Slain by a polar bear (7 damage)
             ... in the Dungeon (Sprint II: "The Violet Keep of Menkaure").
             The game lasted 00:05:22 (625 turns).

Conn the Destroyer (Octopode Fire Elementalist)      Turns: 625, Time: 00:05:23

Health: -4/51      AC:  1    Str:  7    XL:     9   Next: 6%
Magic:  14/23      EV: 16    Int: 22    God:    Sif Muna [**....]
Gold:   663        SH:  0    Dex: 12    Spells: 17/28 levels left

rFire   . . .        (no weapon)
rCold   . . .        (no shield)
rNeg    . . .        (helmet restricted)
rPois   .            (no amulet)
rElec   .            (no ring)
rCorr   .            (no ring)
SInv    .            (no ring)
Will    .....        (no ring)
Stlth   +++++        (no ring)
HPRegen 0.28/turn    (no ring)
MPRegen 0.18/turn    (no ring)
                     (no ring)

%: no teleportation
@: no status effects
A: almost no armour, amphibious, 8 rings, camouflage 1, gelatinous body 1,
nimble swimmer 1, tentacles
a: Renounce Religion, Channel Magic


You were in the Dungeon.
You worshipped Sif Muna.
Sif Muna was pleased with you.
You visited 1 branch You collected 663 gold pieces.

Inventory:

Missiles
 n - 3 poisoned darts
Scrolls
 d - a scroll of enchant armour {unknown}
 e - 2 scrolls of enchant weapon {unknown}
 f - 2 scrolls of blinking
 h - 3 scrolls of identify {unknown}
 k - a scroll of vulnerability {unknown}
 l - 2 scrolls of amnesia {unknown}
Potions
 a - 6 potions of magic
 b - 3 potions of curing
 c - a potion of degeneration {unknown}
 g - a potion of lignification {unknown}
 i - a potion of heal wounds
 j - 3 potions of enlightenment {unknown}
 m - 3 potions of resistance {unknown}


   Skills:
 + Level 7.8 Dodging
 - Level 5.0 Stealth
 * Level 10.1 Spellcasting
 * Level 10.6 Conjurations
 + Level 8.0 Fire Magic
 * Level 7.5 Invocations


You had 17 spell levels left.
You knew the following spells:

 Your Spells              Type           Power      Damage    Failure   Level
a - Foxfire               Conj/Fire      100%       2x1d9     1%          1
b - Scorch                Fire           92%        2d8       1%          2
c - Inner Flame           Hex/Fire       28%        N/A       3%          3
d - Flame Wave            Conj/Fire      51%        2d13      1%          4
e - Summon Small Mammal   Summ           44%        N/A       6%          1

Your spell library contained the following spells:

 Spells                   Type           Power      Damage    Failure   Level
 Volatile Blastmotes      Fire/Tloc      56%        2d14      3%          3
 Apportation              Tloc           22%        N/A       6%          1
 Necrotise                Necr           44%        1d6       6%          1
 Sublimation of Blood     Necr           11%        N/A       9%          2
 Wereblood                Tmut           11%        N/A       9%          2
 Tukima's Dance           Hex            11%        N/A       19%         3
 Passage of Golubria      Tloc           11%        N/A       52%         4
 Yara's Violent Unravell  Hex/Tmut       5%         3d4       86%         5
 Summon Hydra             Summ           5%         N/A       100%        7


Dungeon Overview and Level Annotations

Branches:
Dungeon (1/1)

Altars:
Cheibriados
Dithmenos
Elyvilon
Fedhas
Gozag
Hepliaklqana
Kikubaaqudgha
Makhleb
Nemelex Xobeh
Okawaru
Qazlal
Ru
Sif Muna
Trog
Uskayaw
Vehumet
Wu Jian
Xom
Yredelemnul
Zin
The Shining One
Jiyva
Lugonu


Innate Abilities, Weirdness & Mutations

You cannot wear most types of armour.
You are amphibious.
You can wear up to eight rings at the same time.
Your skin changes colour to match your surroundings (Stealth+).
Your rubbery body absorbs attacks. (AC +1, EV +1)
You are camouflaged when in or above water. (Stealth+)
You have tentacles for arms and can constrict up to eight enemies at once.


Message History

The polar bear is filled with an inner flame.
The polar bear misses you. The polar bear closely misses you.
The polar bear completely misses you.
Unknown command.
Casting: Inner Flame (dangerous; 3% risk of failure)
Confirm with . or Enter, or press ? or * to list all spells.
Casting: Flame Wave (dangerous; 1% risk of failure)
Press: ? - help, Dir - look around, f - activate A wave of flame ripples out!
The flame wave engulfs the polar bear.
The polar bear is moderately wounded. (Press . to intensify the flame waves.)
The polar bear is engulfed in a cloud of scalding steam.
The polar bear bites you. The polar bear misses you. The polar bear claws you.
A wave of flame ripples out!
The flame wave engulfs the polar bear!
The polar bear is severely wounded.
The flame wave engulfs the polar bear.
Flame seeps out of the polar bear.
The polar bear is lightly wounded.
You hear a shout!
The polar bear is engulfed in a cloud of scalding steam.
The polar bear goes berserk!
The polar bear is engulfed in blazing flames.
Flame seeps out of the polar bear.
A wave of flame ripples out!
The flame wave engulfs the polar bear but does no damage.
The polar bear is severely wounded.
The flame wave engulfs the yaktaur!
The yaktaur is lightly wounded.
The flame wave engulfs the polar bear!
Flame seeps out of the polar bear.
The polar bear is heavily wounded.
You finish channelling waves of flame.
The polar bear bites you!! The polar bear completely misses you.
The polar bear misses you.
The polar bear is engulfed in blazing flames.
Flame seeps out of the polar bear.
The polar bear is engulfed in a cloud of scalding steam.
The polar bear bites you!!
* * * LOW HITPOINT WARNING * * *
The polar bear claws you.
* * * LOW HITPOINT WARNING * * *
The polar bear claws you!
You die...

#=%▓(...((.(▓▓ ##.####
+.####[}▓(.).[.[(▓▓ l ...#
...####▓)[(.%.).▓▓ ###..## #..#
$#▓....[...▓▓ ##.##..# +..#
y#▓[.......▓▓ #...#..# #..#
h#▓)..()..(▓▓
'.##'..####..##.#▓.......[▓▓
#...#....###..c##▓▓▓▓▓▓▓'▓▓▓▓+▓
##.##.§....~~§hh@§§~÷~~~..─Xw≈▓
###~~.....~#'########'###.ww≈▓
#~~~~§~~..~#._._._..#~~~##≈≈≈▓
#~~~§~~~§.~#.._._._.#~~≈§####▓▓
#~~~≈≈≈§~~~~#._._._._#§§~~§##..#
~§§~§§≈§≈~§~#_._._._.#~§~≈§≈#..#
§'#~§§≈≈≈§≈~#._._._..#~~~~§§'..+
~~##§≈≈###≈§#_._._...#~~~[§~#..#
§§ ##≈§# #§§#._._....#~~§≈≈§▓..#


You could see 2 polar bears and a yaktaur.

Vanquished Creatures
  2 deep trolls (D)
  Menkaure (D)
  4 water moccasins (D)
  4 necrophages (D)
11 creatures vanquished.

Vanquished Creatures (others)
  38 foxfires (D)
  44 tentacles (D)
82 creatures vanquished.

Grand Total: 93 creatures vanquished

Notes
Turn   | Place    | Note
-------+----------+-------------------------------------------
     0 | D        | Conn the Octopode Fire Elementalist began the quest for the
                  | Orb.
     0 | D        | Reached XP level 1. HP: 11/11 MP: 3/3
     2 | D        | Noticed a boulder beetle
     2 | D        | Noticed a boulder beetle
     5 | D        | Noticed a wyvern
     5 | D        | Noticed a wyvern
     8 | D        | Noticed a necrophage
     8 | D        | Noticed a necrophage
     8 | D        | Noticed a necrophage
     8 | D        | Noticed a necrophage
     9 | D        | Noticed Menkaure
    14 | D        | Killed a necrophage
    15 | D        | Reached XP level 2. HP: 17/17 MP: 1/7
    15 | D        | Reached XP level 3. HP: 21/21 MP: 1/8
    20 | D        | Killed a necrophage
    21 | D        | Reached skill level 5 in Stealth
    21 | D        | Reached skill level 5 in Spellcasting
    21 | D        | Reached skill level 5 in Conjurations
    21 | D        | Reached XP level 4. HP: 27/27 MP: 1/11
    21 | D        | Reached XP level 5. HP: 31/31 MP: 1/12
    35 | D        | Reached skill level 5 in Fire Magic
    47 | D        | Reached skill level 5 in Dodging
    47 | D        | Reached XP level 6. HP: 18/36 MP: 1/15
    52 | D        | Learned a level 2 spell: Scorch
    57 | D        | Learned a level 4 spell: Flame Wave
    61 | D        | Learned a level 3 spell: Inner Flame
   152 | D        | Killed Menkaure
   155 | D        | Found a glowing silver altar of Zin.
   155 | D        | Found a radiant altar of Vehumet.
   156 | D        | Found a glowing golden altar of the Shining One.
   156 | D        | Found a basalt altar of Yredelemnul.
   156 | D        | Found a hide-covered altar of Uskayaw.
   157 | D        | Found a shimmering altar of Xom.
   157 | D        | Found a bloodstained altar of Trog.
   157 | D        | Found a burning altar of Makhleb.
   158 | D        | Found a shimmering blue altar of Sif Muna.
   158 | D        | Found a corrupted altar of Lugonu.
   158 | D        | Found an ornate altar of the Wu Jian Council.
   159 | D        | Found a sacrificial altar of Ru.
   159 | D        | Found an ancient bone altar of Kikubaaqudgha.
   159 | D        | Found a white marble altar of Elyvilon.
   160 | D        | Found a stormy altar of Qazlal.
   160 | D        | Found a viscous altar of Jiyva.
   160 | D        | Found a shadowy altar of Dithmenos.
   161 | D        | Found a hazy altar of Hepliaklqana.
   161 | D        | Found a snail-covered altar of Cheibriados.
   163 | D        | Found a sparkling altar of Nemelex Xobeh.
   163 | D        | Found a blossoming altar of Fedhas.
   164 | D        | Found an opulent altar of Gozag.
   164 | D        | Found an iron altar of Okawaru.
   166 | D        | Noticed a water moccasin
   167 | D        | Became a worshipper of Sif Muna the Loreminder
   173 | D        | Noticed a water moccasin
   174 | D        | Noticed a water moccasin
   177 | D        | Killed a water moccasin
   184 | D        | Noticed a water moccasin
   185 | D        | Noticed a kraken
   241 | D        | Killed a water moccasin
   242 | D        | Reached XP level 7. HP: 39/41 MP: 12/18
   242 | D        | Reached * piety under Sif Muna
   320 | D        | Noticed a flying skull
   321 | D        | Noticed a flying skull
   321 | D        | Noticed a flying skull
   321 | D        | Noticed a flying skull
   321 | D        | Noticed a flying skull
   321 | D        | Noticed a flying skull
   327 | D        | Noticed a deep troll
   327 | D        | Noticed a deep troll
   340 | D        | Killed a deep troll
   341 | D        | Reached XP level 8. HP: 46/46 MP: 8/21
   345 | D        | Killed a deep troll
   345 | D        | Reached ** piety under Sif Muna
   346 | D        | Reached skill level 10 in Spellcasting
   346 | D        | Reached skill level 10 in Conjurations
   346 | D        | Reached XP level 9. HP: 51/51 MP: 2/23
   600 | D        | Learned a level 1 spell: Summon Small Mammal
   618 | D        | Noticed a yaktaur
   618 | D        | Noticed a hornet
   618 | D        | Noticed a polar bear
   619 | D        | Noticed a polar bear
   625 | D        | Slain by a polar bear

Illustrated notes

Levels and vault maps discovered:
D:        the_violet_keep_of_menkaure [sprint2_stairs_cluster_1,
          sprint2_shoproom, sprint2_temple, sprint2_basic_supplies,
          sprint2_obstacle_6, sprint2_obstacle_7, sprint2_obstacle_1,
          sprint2_obstacle_2, sprint2_obstacle_5, sprint2_timed_cluster_1,
          sprint2_smallroom_cluster_1, sprint2_smallroom_final_cluster_1,
          sprint2_transparent_cluster_1, sprint2_second_timed_cluster_1,
          sprint2_sniper_area_1, sprint2_heavy_combat_area_1,
          sprint2_mutation_trap_area_1, sprint2_forest_area_1,
          sprint2_light_combat_area_1, sprint2_behind_water_1,
          sprint2_near_end_vault_1]

Skill      XL: |  1  2  3  4  5  6  7  8 |
---------------+-------------------------+-----
Dodging        | 3 4 5 6 7 |  7.8
Stealth        | 4 5 |  5.0
Spellcasting   | 4 5 6 8 9 10 | 10.1
Conjurations   | 3 5 6 8 9 10 | 10.6
Fire Magic     | 4 5 6 7 8 |  8.0
Invocations    | 2 6 7 |  7.5

Action                     |  1- 3 |  4- 6 |  7- 9 || total
---------------------------+-------+-------+-------++-------
  Melee: Unarmed           |     6 |    17 |     3 ||    26
         Tentacles         |     2 |     6 |     2 ||    10
         Constrict         |     1 |     3 |     1 ||     5
   Cast: Foxfire           |     2 |     9 |    12 ||    23
         Scorch            |       |     4 |     6 ||    10
         Inner Flame       |       |       |     1 ||     1
         Flame Wave        |       |       |     1 ||     1
    Use: Potion            |     2 |     1 |       ||     3
 Armour: Skin              |     1 |    18 |     7 ||    26
  Dodge: Dodged            |     2 |    13 |     9 ||    24

Table legend: (Time is in decaauts)
 A = Elapsed time spent in this place.
 B = Non-inter-level travel time spent in this place.
 C = Inter-level travel time spent in this place.
 D = Time resting spent in this place.
 E = Time spent auto-exploring this place.
 F = Levels seen in this place.
 G = Mean time per level.
                   A        B        C        D        E       F      G
               +--------+--------+--------+--------+--------+-----+--------+
         Total |    619 |    619 |      0 |    244 |      0 |   1 |  619.0 |
       Dungeon |    619 |    619 |      0 |    244 |      0 |   1 |  619.0 |
               +--------+--------+--------+--------+--------+-----+--------+

Top non-repeatable levels by time:
       D: 619 daAuts
